[Event "Titled Tuesday Blitz August 16 Early 2022"]
[White "Namitbir Singh Walia"]
[Black "Zheenbekov, Nurgazy"]
[WhiteFideId "35071068"]
[BlackFideId "13800485"]
[WhiteElo "1664"]
[BlackElo "1932"]
[Result "0-1"]
[Round "02"]
[TimeControl "180+2"]
[Date "2022.08.18"]
[WhiteClock "0:00:00"]
[BlackClock "0:00:00"]

1. e3 e5 2. d4 exd4 3. exd4 Nf6 4. d5 Bc5 5. Bd3 O-O 6. Ne2 h6 7. c4 d6 8. O-O a5 9. Nbc3 Re8 10. Bf4 Nbd7 11. b3 Ne5 12. Bc2 Bg4 13. Qd2 Bh5 14. Nd4 Bg6 15. Nf5 Qd7 16. Ne3 Bxc2 17. Qxc2 Ng6 18. Bg3 Bxe3 19. fxe3 Rxe3 20. Rae1 Rae8 21. Rxe3 Rxe3 22. Nb5 Nh5 23. Bf2 Re7 24. Qd2 Nhf4 25. Be3 Nh5 26. Re1 Qg4 27. Bf2 Nhf4 28. Be3 Nh4 29. Kh1 Nfxg2 0-1


[Site "https://www.chess.com"]

[Event "Titled Tuesday Blitz August 16 Early 2022"]
[White "Nathan, Nitish"]
[Black "Horak, Martin"]
[WhiteFideId "30927870"]
[BlackFideId "367095"]
[WhiteElo "1813"]
[BlackElo "1997"]
[Result "1/2-1/2"]
[Round "02"]
[TimeControl "180+2"]
[Date "2022.08.18"]
[WhiteClock "0:00:00"]
[BlackClock "0:00:00"]

1. d4 Nf6 2. Bf4 d5 3. e3 c5 4. c3 Nc6 5. Nd2 Bf5 6. Qb3 Qd7 7. Ngf3 c4 8. Qd1 e6 9. Be2 Bd6 10. Ne5 Bxe5 11. dxe5 Ne4 12. Nxe4 Bxe4 13. O-O O-O 14. Bf3 Bd3 15. Be2 Bxe2 16. Qxe2 Qc7 17. e4 Ne7 18. Bg3 dxe4 19. Qxe4 Rfd8 20. Rad1 Qc6 21. Qe2 b5 22. a3 a6 23. Rd2 Rd5 24. Rxd5 Nxd5 25. f4 g6 26. Qd2 Ne7 27. Rd1 Nf5 28. Bf2 h5 29. h3 Qe4 30. Re1 Qc6 31. g4 hxg4 32. hxg4 Nh6 33. Qe2 Rd8 34. Bd4 a5 35. Rf1 b4 36. axb4 axb4 37. Rf2 Rxd4 38. cxd4 c3 39. bxc3 Qxc3 40. Rh2 Qxd4+ 41. Kh1 Qd5+ 42. Qg2 Qd1+ 43. Qg1 Qf3+ 44. Qg2 Qd1+ 45. Qg1 Qf3+ 46. Qg2 Qd1+ 1/2-1/2


[Site "https://www.chess.com"]

[Event "Titled Tuesday Blitz August 16 Early 2022"]
[White "Navarrete Mendez, Gonzalo Alberto"]
[Black "Kosteniuk, Alexandra"]
[WhiteFideId "5106850"]
[BlackFideId "4128125"]
[WhiteElo "2261"]
[BlackElo "2469"]
[Result "0-1"]
[Round "02"]
[TimeControl "180+2"]
[Date "2022.08.18"]
[WhiteClock "0:00:00"]
[BlackClock "0:00:00"]

1. e4 c6 2. Nc3 d5 3. Nf3 dxe4 4. Nxe4 Nf6 5. Qe2 Nxe4 6. Qxe4 Nd7 7. Bc4 Nf6 8. Ne5 e6 9. Qe2 b5 10. Bd3 Qb6 11. a4 Rb8 12. O-O Bd6 13. Kh1 O-O 14. f4 Bb7 15. Rf3 c5 16. Rh3 g6 17. b3 Nd5 18. Qg4 Qc7 19. Bb2 f5 20. Qh4 Qe7 21. Nxg6 Qxh4 22. Nxh4 Bxf4 23. axb5 Ra8 24. Ng6 hxg6 25. Rh8+ Kf7 26. Rh7+ Ke8 27. Rxb7 Rf7 28. Rxf7 Kxf7 29. Be2 Bxd2 30. Bf3 Rb8 31. Rxa7+ Ke8 32. c4 Nb4 33. Be5 Rd8 34. Bc6+ Nxc6 35. bxc6 Bf4 36. g3 Bxe5 37. Kg2 Rc8 38. Rh7 Rxc6 39. Kf3 Rb6 40. Rh6 Kf7 41. Rh7+ Bg7 42. Rh4 Rxb3+ 43. Kg2 Kf6 44. Rf4 Rd3 45. Rf2 Rd4 46. Ra2 Rxc4 47. Kh3 Rd4 48. Ra7 Bh6 49. Ra8 Bd2 50. Rh8 Ke5 51. Re8 c4 52. Rc8 c3 53. Rc5+ Ke4 54. Kg2 Kd3 55. Rc6 c2 56. Rxe6 c1=Q 0-1


[Site "https://www.chess.com"]

[Event "Titled Tuesday Blitz August 16 Early 2022"]
[White "Nunez V, Gustavo Eduardo"]
[Black "Martic, Ivan"]
[WhiteFideId "4403690"]
[BlackFideId "929301"]
[WhiteElo "2228"]
[BlackElo "2355"]
[Result "0-1"]
[Round "02"]
[TimeControl "180+2"]
[Date "2022.08.18"]
[WhiteClock "0:00:00"]
[BlackClock "0:00:00"]

1. e4 c5 2. Nc3 e6 3. g3 Nc6 4. Bg2 g6 5. Nge2 Bg7 6. O-O d6 7. d3 Nge7 8. Be3 Nd4 9. Qd2 O-O 10. g4 Nec6 11. Ng3 Ne5 12. h3 Nef3+ 13. Bxf3 Nxf3+ 14. Kg2 Nxd2 15. Bxd2 b5 16. Nxb5 Rb8 17. Nxa7 Qc7 18. Nxc8 Rfxc8 19. Rab1 c4 20. b3 cxd3 21. cxd3 Qc2 22. Bf4 Be5 23. Bxe5 dxe5 24. Rfd1 Qxa2 25. b4 Rc2 26. Rf1 Rb2 27. Rbc1 R2xb4 28. h4 Qd2 29. Rcd1 Qf4 30. Kh3 Rb2 31. f3 Rc2 32. Ra1 Rbb2 33. Rh1 Qxf3 34. h5 Rg2 35. Ra8+ Kg7 36. h6+ Kxh6 37. g5+ Kxg5 0-1


[Site "https://www.chess.com"]

[Event "Titled Tuesday Blitz August 16 Early 2022"]
[White "Omelja, Artem"]
[Black "Balint, Vilmos"]
[WhiteFideId "14119846"]
[BlackFideId "718050"]
[WhiteElo "2382"]
[BlackElo "2059"]
[Result "1-0"]
[Round "02"]
[TimeControl "180+2"]
[Date "2022.08.18"]
[WhiteClock "0:00:00"]
[BlackClock "0:00:00"]

1. d4 f5 2. Bf4 Nf6 3. e3 d6 4. Nc3 g6 5. h4 h6 6. Qf3 Nc6 7. Bc4 e6 8. d5 Na5 9. Bb5+ Bd7 10. dxe6 Bxb5 11. Nxb5 c6 12. Qg3 Rg8 13. Nc3 Nh5 14. Qf3 Nxf4 15. Qxf4 Qf6 16. Nf3 b5 17. O-O-O Nc4 18. Nd4 Rc8 19. e4 b4 20. Na4 c5 21. Nb5 a6 22. e5 Nxe5 23. Nxd6+ Bxd6 24. Rxd6 Ke7 25. Rhd1 Rgd8 26. Nb6 Rb8 27. Nd5+ 1-0


[Site "https://www.chess.com"]

[Event "Titled Tuesday Blitz August 16 Early 2022"]
[White "Orzech, Dominik"]
[Black "De La Colina, Nicolas"]
[WhiteFideId "1115065"]
[BlackFideId "30946921"]
[WhiteElo "2272"]
[BlackElo "2046"]
[Result "1-0"]
[Round "02"]
[TimeControl "180+2"]
[Date "2022.08.18"]
[WhiteClock "0:00:00"]
[BlackClock "0:00:00"]

1. d4 Nf6 2. Nf3 g6 3. c4 Bg7 4. Nc3 d6 5. Bg5 O-O 6. e3 c5 7. Be2 h6 8. Bh4 g5 9. Bg3 Nh5 10. Qc2 f5 11. dxc5 dxc5 12. Rd1 Qa5 13. Be5 Nc6 14. Bxg7 Kxg7 15. O-O Nf6 16. Nd2 Nb4 17. Qb1 Be6 18. Nb3 Qc7 19. a3 Na6 20. Nd5 Bxd5 21. cxd5 Nd7 22. Rc1 Qd6 23. Rfd1 Rac8 24. Nd2 Rfd8 25. Nc4 Qf6 26. d6 e5 27. Na5 Rb8 28. Nxb7 Rxb7 29. Bxa6 Rb6 30. Bc4 Rdb8 31. b3 Rxd6 32. Rxd6 Qxd6 33. Qxf5 Nf6 34. h3 Re8 35. a4 Re7 36. a5 Qc7 37. a6 Qb6 38. Rd1 Qc7 39. Bd3 e4 40. Bc4 Re5 41. Rd7+ Nxd7 42. Qf7+ Kh8 43. Qg8# 1-0


[Site "https://www.chess.com"]

[Event "Titled Tuesday Blitz August 16 Early 2022"]
[White "Padmini, Rout"]
[Black "Acosta Cruz, Oscar Yosimar"]
[WhiteFideId "5029295"]
[BlackFideId "5111269"]
[WhiteElo "2181"]
[BlackElo "2147"]
[Result "0-1"]
[Round "02"]
[TimeControl "180+2"]
[Date "2022.08.18"]
[WhiteClock "0:00:00"]
[BlackClock "0:00:00"]

1. Nf3 Nf6 2. g3 g6 3. Bg2 Bg7 4. O-O O-O 5. d4 d6 6. b3 Re8 7. Bb2 c6 8. Nbd2 Nbd7 9. e4 e5 10. dxe5 dxe5 11. Qe2 Qc7 12. Rfd1 a5 13. Nc4 Bf8 14. a4 Nc5 15. Bxe5 Rxe5 16. Ncxe5 Ncxe4 17. Nc4 Nc3 18. Qd3 Nxd1 19. Rxd1 Bf5 20. Qe2 Re8 21. Qd2 Bb4 22. c3 Bc5 23. Nd4 Be4 24. Re1 Bxg2 25. Kxg2 Rxe1 26. Qxe1 Qd8 27. Qe5 Qd5+ 28. Qxd5 Nxd5 29. Nxa5 Nxc3 30. Nc2 Ne4 31. Nxb7 Bxf2 32. Nd6 Nxd6 33. Kxf2 Kf8 34. Ke3 Ke7 35. Kd4 Kd7 36. Ne3 f5 37. b4 h5 38. h4 Ne4 39. Nf1 Kd6 40. a5 c5+ 41. bxc5+ Nxc5 42. Nd2 Ne6+ 43. Kc4 g5 44. Nf3 gxh4 45. gxh4 f4 46. Nd4 Nc7 47. Kd3 Ke5 48. Nf3+ Kf5 49. Kd4 Kg4 50. Ke4 Na6 51. Ne5+ Kg3 52. Nf3 Nc5+ 53. Kf5 Kxf3 54. Kg5 Kg3 0-1


[Site "https://www.chess.com"]

[Event "Titled Tuesday Blitz August 16 Early 2022"]
[White "Paravyan, David"]
[Black "Perera Alfonso, Rene Humberto"]
[WhiteFideId "4194985"]
[BlackFideId "3514722"]
[WhiteElo "2569"]
[BlackElo "2313"]
[Result "1-0"]
[Round "02"]
[TimeControl "180+1"]
[Date "2022.08.16"]
[WhiteClock "0:01:24"]
[BlackClock "0:00:09"]

1. e4 c5 2. Nf3 d6 3. d4 cxd4 4. Nxd4 Nf6 5. Nc3 g6 6. Be3 a6 7. f3 e5 8. Nb3 h5 9. Qd2 Be6 10. O-O-O Nbd7 11. Kb1 Rc8 12. Be2 b5 13. a3 Qc7 14. h3 h4 15. f4 Be7 16. Rhf1 Qb7 17. Bf3 b4 18. axb4 Qxb4 19. Nd5 Nxd5 20. exd5 Qxd2 21. Rxd2 Bf5 22. Na5 O-O 23. Nc6 Bf6 24. Bg4 Bxg4 25. hxg4 Rfe8 26. g5 Bg7 27. f5 gxf5 28. Rxf5 f6 29. Rd3 fxg5 30. Rxg5 Kf7 31. Rg4 Rh8 32. Ra4 Ra8 33. Bg5 Bf6 34. Rf3 Kg6 35. Bxf6 Nxf6 36. Ne7+ Kf7 37. Nf5 Rad8 38. Rxa6 e4 39. Rf1 Rh5 40. Nxd6+ Kg7 41. Nf5+ Kf7 42. Ne3 1-0


[Site "https://www.chess.com"]

[Event "Titled Tuesday Blitz August 16 Early 2022"]
[White "Pasti, Aron"]
[Black "Pinheiro, Iung Alicio de O."]
[WhiteFideId "785857"]
[BlackFideId "2104350"]
[WhiteElo "2079"]
[BlackElo "2283"]
[Result "1-0"]
[Round "02"]
[TimeControl "180+2"]
[Date "2022.08.18"]
[WhiteClock "0:00:00"]
[BlackClock "0:00:00"]

1. e4 c5 2. Nf3 Nc6 3. d4 cxd4 4. Nxd4 e5 5. Nb5 d6 6. c4 Be7 7. N5c3 Nf6 8. Be2 O-O 9. O-O Be6 10. Be3 Nd7 11. Nd2 Bg5 12. Bxg5 Qxg5 13. Nd5 Bxd5 14. cxd5 Nd4 15. Nc4 Qe7 16. f4 f6 17. Bg4 Nb6 18. Ne3 g6 19. h4 exf4 20. Qxd4 fxe3 21. Be6+ Kh8 22. Qxe3 Nc4 23. Qh3 f5 24. h5 Qg7 25. hxg6 fxe4 26. gxh7 Qxb2 27. Rac1 Qd4+ 28. Kh1 Ne5 29. Qh6 Rxf1+ 30. Rxf1 Nd3 31. Rf8+ Rxf8 32. Qxf8+ Kxh7 33. Bf5# 1-0


[Site "https://www.chess.com"]

[Event "Titled Tuesday Blitz August 16 Early 2022"]
[White "Perez Gormaz, Matias"]
[Black "Bintang, Rasyid A. Hidayat"]
[WhiteFideId "3406342"]
[BlackFideId "7105355"]
[WhiteElo "2341"]
[BlackElo "1820"]
[Result "1-0"]
[Round "02"]
[TimeControl "180+2"]
[Date "2022.08.18"]
[WhiteClock "0:00:00"]
[BlackClock "0:00:00"]

1. e4 d5 2. exd5 Nf6 3. d4 Nxd5 4. c4 Nb6 5. Nf3 Bg4 6. c5 N6d7 7. Qb3 Nc6 8. Nbd2 e6 9. Qxb7 Ne7 10. Bd3 g6 11. O-O Bg7 12. h3 Bf5 13. Bxf5 Nxf5 14. Nb3 O-O 15. Bf4 Qc8 16. Qxc7 Qxc7 17. Bxc7 Rac8 18. Bh2 Nb8 19. Rfd1 Nc6 20. g4 Nfe7 21. Bd6 Rfe8 22. Rac1 Nd5 23. Rc4 Red8 24. Ra4 Bh6 25. Kf1 Bf4 26. Ne5 f6 27. Nc4 Bxd6 28. Nxd6 Rc7 29. Na5 Nxa5 30. Rxa5 Nf4 31. h4 h5 32. f3 hxg4 33. fxg4 Rh7 34. Kf2 Rxh4 35. Rxa7 g5 36. Ne4 Rh2+ 37. Kf3 Rh3+ 38. Kf2 Rh2+ 39. Kg1 Rg2+ 40. Kf1 Rxg4 41. Nxf6+ 1-0


[Site "https://www.chess.com"]

[Event "Titled Tuesday Blitz August 16 Early 2022"]
[White "Petrova, Irina"]
[Black "Danielyan, Vahe"]
[WhiteFideId "14124122"]
[BlackFideId "13304828"]
[WhiteElo "2021"]
[BlackElo "2421"]
[Result "0-1"]
[Round "02"]
[TimeControl "180+2"]
[Date "2022.08.18"]
[WhiteClock "0:00:00"]
[BlackClock "0:00:00"]

1. e4 d5 2. exd5 Qxd5 3. Nc3 Qe5+ 4. Be2 Bg4 5. d4 Bxe2 6. Ngxe2 Qa5 7. O-O Nf6 8. Re1 Nc6 9. Bd2 O-O-O 10. a4 Qf5 11. Be3 h5 12. a5 h4 13. a6 b6 14. h3 g5 15. b4 e5 16. Nb5 g4 17. hxg4 Nxg4 18. Qd2 h3 19. Qc3 Qe4 20. Nf4 exf4 21. f3 h2+ 22. Kh1 fxe3 23. fxg4 Bxb4 24. Qc4 Qd5 0-1


[Site "https://www.chess.com"]

[Event "Titled Tuesday Blitz August 16 Early 2022"]
[White "Pham, Khoi"]
[Black "Eynullayev, Atilla"]
[WhiteFideId "1054988"]
[BlackFideId "13413570"]
[WhiteElo "2376"]
[BlackElo "1936"]
[Result "0-1"]
[Round "02"]
[TimeControl "180+2"]
[Date "2022.08.18"]
[WhiteClock "0:00:00"]
[BlackClock "0:00:00"]

1. e4 c5 2. Nf3 e6 3. b3 b6 4. Bb2 Bb7 5. d3 d6 6. Be2 Nd7 7. O-O Ngf6 8. Nbd2 Be7 9. Ne1 O-O 10. f4 d5 11. e5 Ne8 12. c4 f6 13. Nef3 d4 14. exf6 gxf6 15. Ne4 Kh8 16. Nfd2 Nd6 17. Bf3 Nf5 18. Rf2 Rg8 19. Nf1 Qf8 20. Kh1 Qh6 21. Qd2 Rab8 22. Re1 Nh4 23. Bd1 Rg7 24. Neg3 Rbg8 25. Rxe6 Rxg3 26. Nxg3 Rxg3 27. Rxe7 Bxg2+ 28. Rxg2 Rxg2 29. Re2 Rg1+ 30. Kxg1 Nf3+ 31. Kf1 Nxd2+ 32. Rxd2 Qxf4+ 33. Rf2 Qg5 34. Bf3 Ne5 35. Be4 h6 36. Rf5 Qd2 37. Rf2 Qd1+ 38. Kg2 Nxd3 39. Bxd3 Qxd3 40. Bc1 Qg6+ 41. Kf1 Qb1 42. Kg2 Qxc1 0-1


[Site "https://www.chess.com"]

[Event "Titled Tuesday Blitz August 16 Early 2022"]
[White "Piesik, Piotr"]
[Black "Kotepalli, Sai Nirupama"]
[WhiteFideId "1136194"]
[BlackFideId "5039444"]
[WhiteElo "2221"]
[BlackElo "1910"]
[Result "1/2-1/2"]
[Round "02"]
[TimeControl "180+2"]
[Date "2022.08.18"]
[WhiteClock "0:00:00"]
[BlackClock "0:00:00"]

1. Nf3 d5 2. g3 Bf5 3. Bg2 Nf6 4. O-O g6 5. c4 c6 6. cxd5 cxd5 7. d3 Nc6 8. Nc3 Bg7 9. Qa4 d4 10. Nxd4 Qxd4 11. Bxc6+ Nd7 12. Qxd4 Bxd4 13. Bxb7 Rb8 14. Bg2 O-O 15. Be4 Bh3 16. Bg2 Bg4 17. h3 Bxc3 18. hxg4 Bxb2 19. Rb1 Bc3 20. Be3 a5 21. g5 Rfc8 22. Rfc1 Bb4 23. Rxc8+ Rxc8 24. Rc1 Rxc1+ 25. Bxc1 Nb6 26. f4 Na4 27. a3 Bc5+ 28. Kf1 Nc3 29. Bf3 Nb5 30. a4 Nc3 31. Bc6 Kf8 32. e3 Na2 33. Bd2 Bb6 34. Ke2 e6 35. Bb5 Ke7 36. d4 f6 37. gxf6+ Kxf6 38. g4 g5 39. Kf3 gxf4 40. Kxf4 Nb4 41. Ke4 Nd5 42. Be1 Kg5 43. Kf3 Nf6 44. Bc4 e5 45. dxe5 Nxg4 46. e6 Ne5+ 47. Ke4 Nxc4 48. e7 Kf6 49. e8=N+ Ke7 50. Ng7 Nxe3 51. Nf5+ Nxf5 52. Kxf5 Kf7 53. Kg4 Kg6 54. Kh3 Kf5 55. Kg2 Kg4 56. Bxa5 Bxa5 57. Kh1 Kh3 58. Kg1 h5 59. Kh1 Kg3 60. Kg1 Bb6+ 61. Kh1 h4 62. a5 Ba7 63. a6 h3 1/2-1/2


[Site "https://www.chess.com"]

[Event "Titled Tuesday Blitz August 16 Early 2022"]
[White "Ponce Cano, Adrian"]
[Black "Silva, Kevin Ranidu"]
[WhiteFideId "22296913"]
[BlackFideId "9935258"]
[WhiteElo "2261"]
[BlackElo "1626"]
[Result "1-0"]
[Round "02"]
[TimeControl "180+2"]
[Date "2022.08.18"]
[WhiteClock "0:00:00"]
[BlackClock "0:00:00"]

1. e4 e5 2. Nf3 Nc6 3. Nc3 Nf6 4. Bb5 Bd6 5. O-O O-O 6. d4 Nxd4 7. Nxd4 exd4 8. Qxd4 Qe7 9. Nd5 Nxd5 10. exd5 c5 11. Qd1 a6 12. Be2 b5 13. Bf3 Bb7 14. Re1 Qf6 15. Be3 Rfe8 16. Rb1 Rac8 17. b3 b4 18. Qd2 Be5 19. Bg5 Qg6 20. Be4 f5 21. Bf3 Bc3 22. Rxe8+ Rxe8 23. Qf4 Qf7 24. Qc4 h6 25. Be3 d6 26. Bf4 Qf6 27. h3 g5 28. Be3 f4 29. Bxc5 dxc5 30. d6+ Kg7 31. Bxb7 Qxd6 32. Bxa6 Ra8 33. Bb7 Rxa2 34. Qe4 Ra7 35. Bc8 Re7 36. Qf3 Qd2 37. Bf5 Bd4 38. Bd3 Rd7 39. Rf1 Re7 40. Qh5 Re6 41. Qg4 Bxf2+ 42. Rxf2 Re1+ 43. Bf1 Qe3 44. Qd7+ Kf6 45. Qd6+ Kg7 46. Qd7+ Kf6 47. Qd3 Qe5 48. Re2 Rxe2 49. Qxe2 Qd4+ 50. Qf2 Qc3 51. Qf3 Qxc2 52. Qd5 Qc3 53. Kh1 Qe1 54. Qf3 Qe3 55. Qd1 Qd4 56. Bd3 Qe3 57. Qc2 Qe1+ 58. Kh2 Qg3+ 59. Kg1 Qe1+ 60. Bf1 Qe3+ 61. Kh1 Ke5 62. Qc4 Qd4 63. Qa6 Qf2 64. Qd3 Qf3 65. Qxf3 1-0


[Site "https://www.chess.com"]

[Event "Titled Tuesday Blitz August 16 Early 2022"]
[White "Pourkashiyan, Atousa"]
[Black "Araujo Sanchez, Josue"]
[WhiteFideId "12502014"]
[BlackFideId "6416896"]
[WhiteElo "2247"]
[BlackElo "2374"]
[Result "0-1"]
[Round "02"]
[TimeControl "180+2"]
[Date "2022.08.18"]
[WhiteClock "0:00:00"]
[BlackClock "0:00:00"]

1. e4 c5 2. Nf3 d6 3. d4 cxd4 4. Nxd4 Nf6 5. Nc3 a6 6. h3 e5 7. Nb3 h5 8. Bg5 Be7 9. Be2 h4 10. Qd2 Be6 11. O-O-O Nbd7 12. f4 Rc8 13. Bf3 Qc7 14. Kb1 b5 15. Bg4 b4 16. Bxe6 fxe6 17. Na4 Nxe4 18. Qd3 Nxg5 19. fxg5 O-O 20. g6 d5 21. Qe2 Rf5 22. Qxa6 Qxc2+ 23. Ka1 Qc6 24. Qd3 Qxa4 25. Rc1 Ra8 26. Qb1 Qxb3 0-1


[Site "https://www.chess.com"]

[Event "Titled Tuesday Blitz August 16 Early 2022"]
[White "Prydun, Andriy"]
[Black "Taspinar, Yanki"]
[WhiteFideId "14145898"]
[BlackFideId "34561188"]
[WhiteElo "2163"]
[BlackElo "1549"]
[Result "1-0"]
[Round "02"]
[TimeControl "180+2"]
[Date "2022.08.18"]
[WhiteClock "0:00:00"]
[BlackClock "0:00:00"]

1. e4 e6 2. d3 d5 3. Nd2 Nf6 4. Ngf3 Be7 5. g3 c5 6. Bg2 Nc6 7. O-O O-O 8. Re1 b5 9. e5 Nd7 10. Nf1 a5 11. h4 a4 12. a3 b4 13. Bf4 Qb6 14. N1h2 c4 15. d4 c3 16. bxc3 bxa3 17. h5 Qa5 18. Qd2 Ba6 19. Ng4 Na7 20. Bg5 Qd8 21. h6 g6 22. Rxa3 Bb5 23. Rb1 Rb8 24. Bf1 Bxg5 25. Qxg5 Qxg5 26. Nxg5 Bc6 27. Rb4 Rxb4 28. cxb4 Rb8 29. c3 Nb5 30. Bxb5 Bxb5 31. Nf6+ Nxf6 32. exf6 Re8 33. Nf3 Rc8 34. Ne5 Rb8 35. f4 Kf8 36. Kf2 Ke8 37. g4 Rb6 38. g5 Ra6 39. Ke3 Kf8 40. Kd2 Ra7 41. Kc1 Ke8 42. Kb2 Kd8 43. Ra1 Be8 44. Ka3 Kc7 45. Rc1 Kd6 46. Nd3 Bb5 47. Nc5 Kc6 48. Re1 Kd6 49. Re3 Bc4 50. Re5 Bb5 51. Re3 Bc4 52. Rg3 Bb5 53. Rg1 Bc4 54. Ra1 Bb5 55. Kb2 Kc6 56. Nb3 Kd6 57. Na5 Kc7 58. Rc1 Kd6 59. Ka3 Ra8 60. c4 dxc4 61. Nxc4+ Bxc4 62. Rxc4 Kd5 63. Rc7 Rf8 64. b5 Kxd4 65. Kxa4 Ke4 66. b6 Kxf4 67. b7 Rb8 68. Kb5 Kxg5 69. Rxf7 e5 70. Kb6 e4 71. Ka7 Re8 72. b8=Q Rxb8 73. Kxb8 e3 74. Re7 Kxf6 75. Rxe3 Kg5 76. Kc7 Kxh6 77. Kd6 Kg5 78. Ke5 Kg4 79. Kf6 h6 80. Kxg6 h5 81. Re4+ Kf3 82. Rc4 Kg3 83. Kxh5 Kf2 84. Kg5 Ke3 85. Kf5 Ke2 86. Rd4 Ke3 87. Ke5 Kf2 88. Kf4 Kg2 89. Rd3 Kg1 90. Rd2 Kh1 91. Kg3 Kg1 92. Rd1# 1-0


[Site "https://www.chess.com"]

[Event "Titled Tuesday Blitz August 16 Early 2022"]
[White "Przybylski, Wojciech"]
[Black "Sailer, Mike"]
[WhiteFideId "1117599"]
[BlackFideId "2012901"]
[WhiteElo "2133"]
[BlackElo "2109"]
[Result "1-0"]
[Round "02"]
[TimeControl "180+2"]
[Date "2022.08.18"]
[WhiteClock "0:00:00"]
[BlackClock "0:00:00"]

1. e4 d5 2. exd5 Qxd5 3. Nc3 Qd6 4. Nge2 Nf6 5. b3 c6 6. Bb2 Bf5 7. g3 e6 8. Bg2 Be7 9. a4 Na6 10. O-O O-O 11. d3 Nb4 12. a5 h6 13. Ra4 Qc7 14. Nd4 Bg4 15. f3 Bh5 16. Ne4 Nxe4 17. dxe4 Rad8 18. Qe2 Bc5 19. c3 Na6 20. Kh1 Rd7 21. b4 Bxd4 22. cxd4 Rfd8 23. b5 cxb5 24. Qxb5 Bg6 25. Rc4 Qd6 26. Rfc1 Nb8 27. Qa4 Nc6 28. Ba3 Qb8 29. Bb2 a6 30. Bc3 h5 31. f4 h4 32. Qb3 hxg3 33. Qb2 Qxf4 34. Qe2 Nxd4 35. Bxd4 Rxd4 36. Rc8 Rxc8 37. Rxc8+ Kh7 38. hxg3 Qxg3 39. Rc1 Qf4 40. Re1 Rd2 41. Qe3 Qh4+ 42. Kg1 Rd8 43. e5 Bf5 44. Qf2 1-0


[Site "https://www.chess.com"]

[Event "Titled Tuesday Blitz August 16 Early 2022"]
[White "Qashashvili, Alexandre"]
[Black "Yaniuk, Volodymyr"]
[WhiteFideId "13600842"]
[BlackFideId "14133083"]
[WhiteElo "2316"]
[BlackElo "2141"]
[Result "0-1"]
[Round "02"]
[TimeControl "180+2"]
[Date "2022.08.18"]
[WhiteClock "0:00:00"]
[BlackClock "0:00:00"]

1. e4 e5 2. Nf3 Nc6 3. Nc3 Nf6 4. d4 exd4 5. Nxd4 Bb4 6. Nxc6 bxc6 7. Bd3 O-O 8. O-O d5 9. exd5 cxd5 10. Bg5 c6 11. Ne2 Bd6 12. Ng3 h6 13. Bxf6 Qxf6 14. c3 Rb8 15. Qc2 Bc5 16. b4 Bd6 17. a3 g6 18. Rae1 h5 19. Re3 h4 20. Rf3 Qg5 21. Ne2 Bg4 22. Re3 Rbe8 23. Rxe8 Rxe8 24. f3 Qe5 25. fxg4 Qxh2+ 26. Kf2 h3 27. Rg1 Bf4 28. Bxg6 Be3+ 29. Kf3 Bxg1 30. Bxf7+ Kxf7 31. Qh7+ Ke6 32. Nf4+ Kd6 33. Qg6+ Kd7 34. Qf5+ Kd8 35. Qf6+ Re7 36. Ne6+ Ke8 37. Qf8+ Kd7 38. Nf4 Re3# 0-1


[Site "https://www.chess.com"]

[Event "Titled Tuesday Blitz August 16 Early 2022"]
[White "Ramirez Vido, Robert Yorisan"]
[Black "Simonovic, Miroslav"]
[WhiteFideId "3513823"]
[BlackFideId "919152"]
[WhiteElo "2090"]
[BlackElo "2043"]
[Result "1-0"]
[Round "02"]
[TimeControl "180+2"]
[Date "2022.08.18"]
[WhiteClock "0:00:00"]
[BlackClock "0:00:00"]

1. Nf3 c5 2. g3 Nc6 3. Bg2 g6 4. O-O Bg7 5. d3 e5 6. e4 Nge7 7. a3 a5 8. c3 O-O 9. Nbd2 d5 10. Re1 h6 11. a4 Be6 12. Qc2 Qd7 13. exd5 Bxd5 14. Nc4 Bxc4 15. dxc4 b6 16. Be3 Rad8 17. Rad1 Qe6 18. b3 f5 19. Rxd8 Rxd8 20. Rd1 Rxd1+ 21. Qxd1 e4 22. Ne1 g5 23. Qd2 Bf6 24. Bh3 Kg7 25. Nc2 Qe5 26. Qd7 Qxc3 27. Na3 Qa1+ 28. Kg2 Qxa3 29. Bxf5 Qxb3 30. Bxe4 Qxa4 31. h4 Ne5 32. Qxa4 gxh4 33. gxh4 Bxh4 34. Qa1 Bf6 35. Qc1 h5 36. Bh6+ Kf7 37. Bg5 Ke6 38. Bxf6 Kxf6 39. f4 Ng4 40. Bf3 Nh6 41. Qb2+ Kf7 42. Qxb6 a4 43. Qxh6 a3 44. Qxh5+ Ke6 45. Qe5+ Kd7 46. Bg4+ Kc6 47. Qxe7 a2 48. Qf6+ Kb7 49. Qa1 Kb6 50. Qxa2 1-0


[Site "https://www.chess.com"]

[Event "Titled Tuesday Blitz August 16 Early 2022"]
[White "Reprintsev, Alexander"]
[Black "Kovacevic, Radmila"]
[WhiteFideId "14100541"]
[BlackFideId "933171"]
[WhiteElo "2108"]
[BlackElo "2157"]
[Result "1-0"]
[Round "02"]
[TimeControl "180+2"]
[Date "2022.08.18"]
[WhiteClock "0:00:00"]
[BlackClock "0:00:00"]

1. e4 e6 2. d4 c5 3. dxc5 Bxc5 4. Nc3 Nc6 5. Bf4 Qf6 6. Bg3 h5 7. h4 a6 8. Nf3 Nh6 9. Qd2 Ng4 10. O-O-O Bb4 11. Re1 O-O 12. e5 Qh6 13. Qxh6 Nxh6 14. Ng5 Nf5 15. Nge4 d5 16. exd6 Nxg3 17. Nxg3 g6 18. Rd1 Rd8 19. Nge4 Ne5 20. a3 Ba5 21. Be2 b5 22. f4 Nd7 23. Bf3 Rb8 24. b4 Bb6 25. Rd3 Kg7 26. Rhd1 Bb7 27. Ng5 Nf6 28. Bxb7 Rxb7 29. Nce4 Ng4 30. Kb2 Be3 31. g3 Rbd7 32. Nc5 Bxc5 33. bxc5 Nf2 34. Ne4 Nxe4 35. c6 Rxd6 36. c7 Rc8 37. Rxd6 Nxd6 38. Rxd6 Rxc7 39. Rxa6 Rc5 40. Rd6 Kf6 41. Rd3 Kf5 42. Kb3 Rc4 43. c3 Ke4 44. Rd7 f6 45. Rd6 Kf5 46. Rb6 Rc5 47. Kb4 Rd5 48. Rxb5 Kg4 49. Rxd5 exd5 50. a4 Kxg3 51. a5 Kxh4 52. a6 g5 53. a7 gxf4 54. a8=Q Kg3 55. Qxd5 f3 56. Qxh5 f2 57. Qf5 Kg2 58. Qxf6 f1=Q 59. Qxf1+ Kxf1 60. c4 Ke2 61. c5 Ke3 62. c6 Ke4 63. c7 Kd5 64. c8=Q 1-0


[Site "https://www.chess.com"]

[Event "Titled Tuesday Blitz August 16 Early 2022"]
[White "Rios Escobar, Adan"]
[Black "Ohanyan, Emin"]
[WhiteFideId "3403645"]
[BlackFideId "13312022"]
[WhiteElo "2276"]
[BlackElo "1927"]
[Result "1-0"]
[Round "02"]
[TimeControl "180+2"]
[Date "2022.08.18"]
[WhiteClock "0:00:00"]
[BlackClock "0:00:00"]

1. d4 Nf6 2. g3 g6 3. Bg2 Bg7 4. e4 O-O 5. Ne2 c5 6. dxc5 Na6 7. Be3 Qc7 8. Nbc3 Nxc5 9. O-O d6 10. h3 a6 11. a4 Bd7 12. a5 Bc6 13. f3 Ncd7 14. Qd2 Ne5 15. b3 Ned7 16. g4 Rac8 17. Ra2 Ne8 18. Nd4 Nc5 19. Nd5 Bxd5 20. exd5 e5 21. dxe6 Nxe6 22. Nxe6 fxe6 23. f4 d5 24. f5 gxf5 25. gxf5 Qe5 26. fxe6 Rxf1+ 27. Kxf1 d4 28. Bf4 Qf5 29. Kg1 Rc3 30. e7 d3 31. cxd3 Rxd3 32. Qc1 Rxb3 33. Qc4+ Kh8 34. Qxb3 Qxf4 35. Qf3 Qd6 36. Re2 Qd1+ 37. Qf1 Qd4+ 38. Kh1 Qd7 39. Qf8+ 1-0


[Site "https://www.chess.com"]

[Event "Titled Tuesday Blitz August 16 Early 2022"]
[White "Ronka, Erik"]
[Black "Zou, Chen"]
[WhiteFideId "505080"]
[BlackFideId "8610959"]
[WhiteElo "2264"]
[BlackElo "2276"]
[Result "0-1"]
[Round "02"]
[TimeControl "180+2"]
[Date "2022.08.18"]
[WhiteClock "0:00:00"]
[BlackClock "0:00:00"]

1. e4 c5 2. Nf3 d6 3. d4 cxd4 4. Nxd4 Nf6 5. Nc3 Nc6 6. Bg5 e6 7. Qd2 a6 8. O-O-O Bd7 9. f4 b5 10. Bxf6 gxf6 11. Kb1 Qb6 12. Nxc6 Bxc6 13. f5 b4 14. Ne2 e5 15. Ng3 h5 16. h4 Qc5 17. Be2 Ke7 18. Bf3 Bh6 19. Qe2 a5 20. Nxh5 a4 21. Rd3 a3 22. b3 Bb5 23. Rhd1 Rac8 24. g4 Be3 25. Qg2 Rxh5 26. gxh5 Bxd3 27. Rxd3 Bf4 28. Bd1 Rd8 29. Qe2 Rg8 30. c4 Rg1 31. Kc2 Qb6 32. h6 Bxh6 33. Qh2 Bf4 34. Qe2 Qa7 35. Rf3 Qb6 36. Rd3 Qc5 37. Rf3 Rg8 38. Rf2 Qd4 39. Rf3 Qb2+ 40. Kd3 Qc3# 0-1


[Site "https://www.chess.com"]